Map: [ESL] Hard Lead

Players

Elazer

  • Race: Zerg Zerg
  • Spawn Location: 11:00

Arrogfire - Winner!

  • Race: Protoss Protoss
  • Spawn Location: 5:00

Event: ESL SC2 Masters 2023 Winter (Regional)

VOD

Have the link to the VOD?

Description

Time

  • Played on: Nov. 2, 2023, 11:52 a.m.
  • Length: 14:38

All games in this series

Show
View Real Time Build Order
Export as new Build Order

Elazer Zerg 

Build Orders: Hatch First, Lurkers 

Get SALT Encoding   

  12  0:00  Drone  
  13  0:09  Drone  
  14  0:33  Hatchery  
  13  0:35  Drone  
  13  0:42  Extractor, Drone  
  15  0:50  Overlord  
  15  1:05  Spawning Pool  
  15  1:10  Drone  
  15  1:12  Drone  
  15  1:15  Drone  
  17  1:23  Drone  
  18  1:33  Drone  
  19  1:42  Drone  
  19  1:46  Drone  
  21  1:52  Queen x2  
  25  1:55  Zergling x2  
  25  1:57  Overlord  
  26  2:04  Drone  
  26  2:06  Drone  
  28  2:17  Drone x2  
  30  2:27  Hatchery  
  29  2:30  Queen  
  29  2:33  Drone  
  31  2:38  Zergling x2  
  31  2:41  Extractor, Queen  
  33  2:47  Overlord  
  33  2:50  Drone  
  34  3:00  Drone  
  34  3:03  Drone  
  35  3:07  Drone x4  
  39  3:13  Drone x2  
  39  3:17  Spore Crawler  
  40  3:21  Queen  
  40  3:22  Drone  
  40  3:25  Overlord  
  43  3:41  Drone x6  
  43  3:48  Queen, Overlord  
  51  3:49  Drone x3  
  51  3:50  Drone  
  51  3:53  Metabolic Boost  
  55  4:04  Drone x2  
  57  4:14  Overlord  
  57  4:23  Overlord  
  55  4:26  Drone  
  55  4:27  Drone x8  
  63  4:31  Drone  
  63  4:32  Drone  
  63  4:33  Drone  
  63  4:34  Drone  
  63  4:36  Drone  
  63  4:38  Hatchery  
  67  4:39  Overlord  
  67  4:40  Drone  
  67  4:42  Zergling x4  
  70  4:50  Zergling x4  
  71  5:02  Overlord  
  71  5:03  Drone x9  
  79  5:11  Drone x4, Lair  
  83  5:15  Extractor, Roach Warren  
  83  5:16  Drone  
  83  5:19  Drone  
  83  5:20  Extractor x2, Evolution Chamber  
  83  5:21  Drone  
  81  5:22  Extractor  
  81  5:23  Drone  
  81  5:27  Spore Crawler  
  80  5:31  Drone x4  
  84  5:40  Overlord  
  84  5:41  Drone x7  
  84  5:47  Zerg Melee Weapons Level 1  
  84  5:48  Zergling x2  
  84  5:49  Zergling x4  
  87  5:51  Zergling x2  
  88  5:57  Zergling x8  
  88  6:02  Zergling x2, Hatchery  
  88  6:03  Zergling x8  
  96  6:06  Zergling x2  
  96  6:09  Glial Reconstitution  
  96  6:11  Zergling x2, Infestation Pit  
  98  6:15  Zergling x12  
  103  6:20  Zergling x2  
  104  6:25  Zergling x2  
  104  6:26  Zergling x8  
  109  6:34  Drone  
  109  6:35  Drone  
  109  6:38  Drone  
  109  6:39  Overlord x2  
  112  6:46  Hatchery  
  111  6:51  Drone x2  
  111  6:54  Drone  
  111  7:00  Drone x15  
  122  7:04  Drone  
  122  7:05  Hive  
  122  7:06  Hydralisk Den  
  121  7:11  Zergling x12  
  125  7:17  Zergling x10  
  125  7:22  Overlord  
  127  7:24  Extractor  
  127  7:26  Roach x4  
  127  7:27  Overlord  
  127  7:28  Overlord  
  134  7:42  Roach x4  
  141  7:45  Grooved Spines  
  141  7:48  Zerg Missile Weapons Level 1, Lurker Den  
  141  7:50  Extractor, Drone  
  141  7:51  Drone x2  
  142  7:52  Roach x8  
  142  7:58  Overlord x3  
  157  8:05  Zergling x20  
  163  8:10  Zergling x8  
  163  8:12  Overlord x4  
  162  8:16  Adrenal Glands  
  161  8:29  Zergling x26  
  152  8:45  Roach x8  
  152  8:46  Roach x8  
  152  8:47  Roach  
  152  8:48  Roach x2  
  167  8:51  Roach x4  
  167  8:53  Queen  
  159  8:56  Roach x2  
  159  8:59  Seismic Spines  
  159  9:02  Zergling x8  
  167  9:06  Ravager  
  167  9:07  Ravager  
  167  9:08  Zergling x2  
  167  9:09  Zergling x14  
  177  9:13  Hydralisk x3  
  178  9:23  Hydralisk x2  
  182  9:27  Zergling x2  
  182  9:28  Zergling x26  
  196  9:36  Spore Crawler  
  195  9:40  Lurker  
  195  9:41  Lurker x2  
  195  9:44  Hydralisk x5  
  186  9:54  Lurker  
  187  10:04  Hydralisk x5  
  187  10:07  Pneumatized Carapace, Overseer  
  187  10:08  Adaptive Talons  
  187  10:09  Hydralisk x2  
  187  10:11  Viper x2  
  197  10:15  Lurker  
  197  10:17  Lurker  
  199  10:21  Extractor  
  195  10:37  Drone x3  
  175  10:51  Drone x8  
  175  10:52  Drone x2  
  175  10:55  Lurker x7  
  175  10:56  Zergling x24  
  199  11:09  Overseer  
  199  11:11  Zerg Missile Weapons Level 2  
  195  11:14  Hydralisk x2  
  195  11:16  Muscular Augments  
  179  11:46  Viper x2  
  172  11:50  Drone x2  
  172  11:53  Zergling x30, Hydralisk  
  172  11:54  Hydralisk  
  199  12:02  Spine Crawler  
  199  12:03  Spine Crawler  
  199  12:04  Spine Crawler  
  199  12:05  Hatchery, Spine Crawler  
  194  12:13  Spine Crawler  
  194  12:14  Spine Crawler  
  194  12:15  Spore Crawler x3  
  189  12:16  Spine Crawler  
  189  12:17  Drone x8, Spore Crawler  
  193  12:47  Hydralisk x2  
  190  12:51  Drone x8  
  190  12:57  Hydralisk x10  
  187  13:01  Hydralisk  
  187  13:02  Hydralisk x8  
  189  13:10  Lurker x4  
  187  13:14  Hydralisk x6  
  182  13:32  Zergling x14  
  172  13:44  Hatchery  
  172  13:47  Hydralisk x13  
Show
View Real Time Build Order
Export as new Build Order

Arrogfire Protoss - Winner!

Build Orders: 1 Gate Expand, Oracle Opening 

Get SALT Encoding   

  12  0:00  Probe  
  13  0:12  Probe  
  14  0:17  Pylon  
  14  0:24  Probe  
  14  0:26  Assimilator  
  15  0:36  Probe (Chrono Boost)  
  15  0:42  Gateway  
  16  0:48  Probe (Chrono Boost)  
  17  0:55  Probe (Chrono Boost)  
  18  1:03  Probe  
  19  1:15  Probe  
  20  1:23  Nexus  
  20  1:32  Cybernetics Core  
  20  1:35  Probe  
  21  1:40  Assimilator  
  21  1:47  Probe  
  21  1:49  Pylon  
  22  1:59  Probe  
  23  2:05  Adept (Chrono Boost)  
  25  2:11  Stargate, Probe  
  26  2:19  Warp Gate  
  26  2:24  Probe (Chrono Boost)  
  26  2:25  Adept (Chrono Boost)  
  29  2:35  Probe (Chrono Boost)  
  31  2:42  Probe (Chrono Boost)  
  32  2:45  Probe (Chrono Boost)  
  32  2:47  Adept  
  32  2:49  Probe (Chrono Boost)  
  32  2:50  Probe (Chrono Boost)  
  35  2:56  Oracle (Chrono Boost)  
  39  3:00  Probe  
  40  3:06  Probe  
  40  3:10  Pylon  
  40  3:12  Probe  
  40  3:18  Probe  
  41  3:20  Gateway  
  41  3:24  Probe  
  41  3:25  Oracle (Chrono Boost)  
  45  3:30  Probe  
  46  3:34  Pylon  
  46  3:36  Probe  
  47  3:43  Probe  
  48  3:48  Probe  
  48  3:53  Nexus  
  49  3:56  Probe  
  49  3:57  Oracle (Chrono Boost)  
  49  4:00  Probe  
  54  4:06  Assimilator  
  54  4:08  Assimilator, Probe  
  55  4:12  Probe  
  55  4:13  Adept  
  58  4:20  Probe  
  59  4:25  Probe  
  59  4:29  Pylon  
  60  4:32  Probe  
  60  4:33  Forge  
  60  4:36  Twilight Council  
  60  4:37  Probe  
  62  4:40  Shield Battery  
  62  4:47  Probe  
  62  4:49  Probe  
  64  4:57  Protoss Ground Weapons Level 1  
  65  5:00  Probe  
  65  5:01  Probe  
  65  5:02  Stalker x2  
  65  5:05  Probe  
  69  5:08  Blink (Chrono Boost)  
  69  5:12  Probe  
  69  5:13  Probe  
  69  5:17  Probe  
  70  5:23  Pylon  
  70  5:26  Stalker x2  
  70  5:27  Probe (Chrono Boost), Pylon  
  76  5:29  Probe x2 (Chrono Boost)  
  76  5:31  Robotics Facility  
  77  5:38  Probe (Chrono Boost)  
  77  5:40  Probe x2 (Chrono Boost)  
  77  5:43  Probe (Chrono Boost)  
  77  5:48  Probe  
  79  5:50  Probe  
  79  5:51  Stalker x2  
  79  5:52  Gateway  
  79  5:53  Gateway  
  79  5:54  Gateway  
  79  5:57  Probe  
  85  5:58  Gateway  
  85  6:01  Assimilator  
  85  6:02  Probe  
  86  6:04  Assimilator, Probe  
  86  6:08  Pylon  
  86  6:09  Probe  
  88  6:14  Stalker x2  
  93  6:19  Observer (Chrono Boost)  
  93  6:22  Robotics Bay  
  93  6:25  Robotics Facility  
  93  6:29  Pylon  
  93  6:34  Nexus  
  93  6:38  Stalker x2  
  97  6:42  Probe  
  97  6:45  Probe  
  97  6:46  Charge (Chrono Boost)  
  95  7:02  Stalker x6  
  107  7:10  Pylon  
  107  7:13  Probe, Pylon  
  107  7:15  Nexus  
  108  7:21  Nexus  
  108  7:23  Pylon  
  108  7:26  Colossus (Chrono Boost)  
  108  7:28  Observer  
  108  7:29  Colossus (Chrono Boost)  
  114  7:33  Probe  
  114  7:36  Protoss Ground Weapons Level 2 (Chrono Boost)  
  121  7:44  Shield Battery  
  121  7:45  Stalker  
  121  7:46  Photon Cannon  
  121  7:47  Stalker  
  125  7:56  Pylon  
  125  7:57  Stalker  
  125  8:07  Stalker x3  
  129  8:15  Pylon  
  129  8:16  Colossus (Chrono Boost)  
  141  8:23  Colossus (Chrono Boost)  
  141  8:24  Pylon  
  141  8:34  Stalker x4  
  149  8:44  Probe  
  149  8:45  Probe  
  149  8:46  Probe  
  140  8:50  Stalker x2  
  140  8:53  Gateway  
  140  8:55  Gateway  
  144  8:56  Probe  
  144  8:58  Adept  
  144  8:59  Colossus (Chrono Boost)  
  153  9:03  Assimilator  
  153  9:05  Adept  
  153  9:07  Assimilator  
  153  9:09  Pylon  
  161  9:16  Colossus (Chrono Boost)  
  159  9:19  Probe x2  
  158  9:28  Templar Archives  
  158  9:30  Stalker x4  
  166  9:31  Pylon  
  166  9:32  Gateway  
  166  9:34  Gateway  
  166  9:42  Disruptor (Chrono Boost)  
  168  9:51  Zealot x4  
  172  9:53  Zealot x3  
  172  9:54  Protoss Ground Weapons Level 3 (Chrono Boost)  
  172  9:55  Pylon  
  176  10:07  Disruptor (Chrono Boost)  
  176  10:13  High Templar x4  
  176  10:14  Zealot x3  
  190  10:15  Warp Prism (Chrono Boost)  
  190  10:17  Archon x2  
  192  10:31  High Templar x2  
  192  10:33  Nexus  
  194  10:36  Archon, Immortal (Chrono Boost)  
  196  10:49  Immortal (Chrono Boost)  
  177  10:59  High Templar x4  
  177  11:00  Zealot x4  
  193  11:07  Archon  
  193  11:08  Archon  
  191  11:12  Immortal (Chrono Boost)  
  191  11:17  Gateway  
  195  11:19  Gateway  
  195  11:20  Pylon  
  195  11:23  Pylon  
  165  11:42  Immortal (Chrono Boost)  
  157  11:48  High Templar x6  
  157  11:49  Zealot x4  
  157  11:54  Archon x3  
  177  11:57  Shield Battery  
  177  11:59  Gateway, Photon Cannon  
  177  12:01  Photon Cannon  
  181  12:03  Gateway, Photon Cannon  
  181  12:05  Shield Battery  
  181  12:07  Assimilator, Immortal (Chrono Boost)  
  181  12:08  Gateway  
  181  12:10  Psionic Storm  
  181  12:11  Gateway, Pylon  
  177  12:16  Oracle (Chrono Boost)  
  177  12:18  Observer (Chrono Boost)  
  177  12:22  Zealot  
  177  12:23  Zealot x7  
  193  12:38  High Templar x3  
  173  13:00  Immortal x2  
  173  13:01  High Templar x3  
  173  13:04  Zealot x5  
  173  13:05  Zealot x4  
  191  13:17  Assimilator  
  191  13:20  Shield Battery  
  191  13:22  Photon Cannon  
  187  13:30  High Templar x3  
  187  13:31  Zealot x6  
  187  13:35  Archon  
  187  13:47  Immortal (Chrono Boost)  
  187  13:49  Zealot x5  
  188  14:14  Zealot x9  
  188  14:16  Probe  
Tags
 
Add a new tag
Caveats
  • Supply blocks, unpowered buildings, or Contaminate may cause inaccurate times.
  • Supply counts are checked every 10 seconds.